[Event "Early-Titled-Tuesday-Blitz-June-18-2024"]
[Site "Chess.com"]
[Date "2024.06.18"]
[Round "3"]
[White "edgarhay012"]
[Black "MarlonJodar"]
[Result "1-0"]
[WhiteElo "2676"]
[BlackElo "2341"]
[TimeControl "180+1"]
[EndTime "8:29:02 PDT"]
[Termination "edgarhay012 won on time"]

1. h4 d5 2. h5 h6 3. g3 e5 4. c4 Nf6 5. Bg2 dxc4 6. b3 cxb3 7. axb3 Nc6 8. Nc3 Bb4 9. Bb2 O-O 10. Nf3 Re8 11. Na2 Ba5 12. b4 Nxb4 13. Nxb4 Bxb4 14.
Nxe5 Ng4 15. Nxf7 Qxd2+ 16. Qxd2 Bxd2+ 17. Kxd2 Kxf7 18. Bd4 c6 19. f3 Ne5 20. e4 b6 21. f4 Nd7 22. e5 Bb7 23. Rhc1 Red8 24. Ke3 c5 25. Bxb7 cxd4+ 26. Kf3 Rab8 27. Rxa7 Nc5 28.
Bd5+ Ke8 29. Bc4 d3 30. Rd1 d2 31. Ke3 b5 32. Bf7+ Kf8 33. e6 Rb7 34. Ra2 Re7 35.
f5 Rd3+ 36. Ke2 Rxg3 37. Raxd2 Rxf7 38. exf7 Kxf7 39. Rd5 Ne4 40. Rd7+ Kg8 41. Rc1 Nf6 42. Rc8+ Kh7 43. Rdd8 g5 44. Rh8+ Kg7 45. Rhd8 Nxh5 46. Rd6 1-0

[Event "Early-Titled-Tuesday-Blitz-June-18-2024"]
[Site "Chess.com"]
[Date "2024.06.18"]
[Round "3"]
[White "Crazy_girl99"]
[Black "Mysterio47"]
[Result "1/2-1/2"]
[WhiteElo "2618"]
[BlackElo "2832"]
[TimeControl "180+1"]
[EndTime "8:29:04 PDT"]
[Termination "Game drawn by repetition"]

1. Nf3 d6 2. d4 e6 3. Nc3 Nf6 4. e4 Be7 5. Be2 a6 6. a4 O-O 7. h3 d5 8. e5 Nfd7 9. Bf4 c5 10. O-O Nc6 11. dxc5 Bxc5 12. Bd3 f6 13. exf6 Qxf6 14. Bg3 h6 15. Re1 Bb6 16. Qe2 Nc5 17. Bd6 Rf7 18.
Bxc5 Bxc5 19. a5 Bd7 20. Na4 Nd4 21. Nxd4 Bxd4 22. Rf1 e5 23. c3 Ba7 24. c4 Raf8 25.
Nb6 Bxb6 26. axb6 e4 27. Bc2 Qxb2 28. Rab1 Qd4 29. cxd5 Bb5 30. Rxb5 axb5 31. Bxe4 Re7 32. Bh7+ Kxh7 33. Qxe7 Rf6 34. Qxb7 Rxb6 35. Qc7 Rf6 36.
Qc2+ Kg8 37. Rd1 Qb6 38. Qc8+ Kh7 39. Qc2+ Kg8 40. Qc8+ Kh7 41. Qc2+ Kg8 1/2-1/2

[Event "Early-Titled-Tuesday-Blitz-June-18-2024"]
[Site "Chess.com"]
[Date "2024.06.18"]
[Round "3"]
[White "esskeettit"]
[Black "ejalmedina"]
[Result "1-0"]
[WhiteElo "2508"]
[BlackElo "2305"]
[TimeControl "180+1"]
[EndTime "8:29:04 PDT"]
[Termination "esskeettit won on time"]

1. d4 d5 2. c4 e6 3. Nc3 a6 4.
cxd5 exd5 5. Nf3 c6 6. Bg5 Be7 7. Bxe7 Nxe7 8. e3 Bf5 9. Bd3 O-O 10. O-O Nd7 11. h3 Re8 12. Rb1 g6 13. Bxf5 Nxf5 14. Qd3 Nd6 15. Nd2 Qe7 16. Rfe1 Rad8 17. a3 Qg5 18. Nf3 Qh5 19. Na4 f6 20. Nc5 Re7 21.
Rbc1 g5 22. Nh2 Rde8 23. Ng4 Kg7 24. b4 Qf7 25. Nh2 h5 26. Nf1 g4 27. h4 Qg6 28.
Ng3 Nxc5 29. Qxg6+ Kxg6 30. bxc5 Nc4 31. Rc3 f5 32. Ne2 Kh6 33. Nf4 Re4 34. Rb1 R8e7 35. a4 Na5 36. Nd3 R4e6 37. g3 1-0

[Event "Early-Titled-Tuesday-Blitz-June-18-2024"]
[Site "Chess.com"]
[Date "2024.06.18"]
[Round "3"]
[White "JAN2404"]
[Black "ALRS-SPS"]
[Result "1-0"]
[WhiteElo "2037"]
[BlackElo "2366"]
[TimeControl "180+1"]
[EndTime "8:29:04 PDT"]
[Termination "JAN2404 won by checkmate"]

1. e4 c5 2. d4 cxd4 3. c3 d5 4.
exd5 Qxd5 5. cxd4 Nf6 6. Nc3 Qd8 7. Nf3 e6 8. Bc4 Bd6 9. O-O O-O 10. Bg5 Nbd7 11.
Re1 b6 12. d5 e5 13. Bd3 h6 14. Bh4 g5 15. Nxg5 hxg5 16. Bxg5 Be7 17. Re3 Kg7 18. Rg3 e4 19. Bxf6+ Kxf6 20. Nxe4+ Ke5 21. Qh5+ f5 22. Re1 Kd4 23. d6 Ne5 24. Bf1 fxe4 25. dxe7 Qxe7 26.
Qd1+ Kc5 27. Rc3+ Kb4 28. Qb3+ Ka5 29. Qb5# 1-0

[Event "Early-Titled-Tuesday-Blitz-June-18-2024"]
[Site "Chess.com"]
[Date "2024.06.18"]
[Round "3"]
[White "Squirlolz"]
[Black "Individoom"]
[Result "0-1"]
[WhiteElo "2502"]
[BlackElo "2791"]
[TimeControl "180+1"]
[EndTime "8:29:05 PDT"]
[Termination "Individoom won on time"]

1. Nf3 Nf6 2. g3 g6 3. Bg2 Bg7 4.
O-O O-O 5. c4 d6 6. d4 Nbd7 7.
Nc3 e5 8. dxe5 dxe5 9. h3 h6 10. Be3 c6 11. Nd2 Qe7 12. Nde4 Nxe4 13. Nxe4 Rd8 14.
Qd6 Qxd6 15. Nxd6 Nb6 16. Rfd1 Bf8 17. c5 Na4 18. Rd2 Rb8 19. b3 Nc3 20. Rc1 Nd5 21.
Bxd5 cxd5 22. Rxd5 Bxh3 23. b4 Bg7 24. b5 Be6 25.
Rd2 Rd7 26. f3 Bf8 27. Kf2 b6 28. Rcd1 bxc5 29. Bxc5 Rbd8 30. a4 Bb3 31. Rb1 Bxa4 32.
Ke3 Bxd6 33. Bxd6 Rxd6 0-1

[Event "Early-Titled-Tuesday-Blitz-June-18-2024"]
[Site "Chess.com"]
[Date "2024.06.18"]
[Round "3"]
[White "ab-lsv"]
[Black "cthake"]
[Result "1-0"]
[WhiteElo "2359"]
[BlackElo "1813"]
[TimeControl "180+1"]
[EndTime "8:29:05 PDT"]
[Termination "ab-lsv won on time"]

1. d4 Nf6 2. c4 e6 3. Nc3 Bb4 4.
Qc2 Bxc3+ 5. Qxc3 O-O 6. Bg5 b6 7. f3 Bb7 8. e4 h6 9. Be3 d5 10.
cxd5 exd5 11. e5 Nfd7 12. f4 Nc6 13. Nf3 Ne7 14. Bd3 c5 15. dxc5 Rc8 16. b4 a5 17. a3 axb4 18. axb4 bxc5 19. bxc5 d4 20. Bxd4 Nd5 21. Qd2 Nxc5 22. Bf5 Rc6 23. Rb1 Qe7 24.
O-O Ba6 25. Rfc1 g6 26. Bc2 Rd8 27. f5 g5 28. f6 Qe6 29. Qe1 1-0

[Event "Early-Titled-Tuesday-Blitz-June-18-2024"]
[Site "Chess.com"]
[Date "2024.06.18"]
[Round "3"]
[White "Bob_2004"]
[Black "TigrVShlyape"]
[Result "0-1"]
[WhiteElo "2760"]
[BlackElo "2994"]
[TimeControl "180+1"]
[EndTime "8:29:06 PDT"]
[Termination "TigrVShlyape won by resignation"]

1. d4 d5 2. c4 c6 3. Nc3 Nf6 4. e3 g6 5. Nf3 Bg7 6. Bd3 O-O 7. O-O a6 8. a4 a5 9. b3 Bg4 10. h3 Bxf3 11. Qxf3 e6 12. Ba3 Re8 13. Rfd1 Na6 14. Rac1 Bf8 15. Bb2 Nb4 16. Bb1 Bg7 17. Rd2 Qb6 18.
Rcd1 Rad8 19. Ba3 Rd7 20. Qe2 Red8 21. c5 Qa7 22. Bxb4 axb4 23. Na2 Qa5 24. f4 Bf8 25. Rc2 b6 26. cxb6 Qxb6 27. Nc1 Ne4 28. Na2 c5 29. Rcc1 cxd4 30. exd4 Nf6 31. Qc2 h5 32. Qc6 Qb8 33. Rf1 Bd6 34. Rce1 Rc8 35. Qa6 Kg7 36. Re5 Bxe5 37.
fxe5 Ne4 38. Qd3 Qb6 39. Kh2 Rdc7 40. Qe3 h4 41. Rf4 Ng3 42. Qf2 Nf5 43. Bxf5 exf5 44. Rf3 Rc2 45. Qxh4 Rxa2 46. Re3 0-1

[Event "Early-Titled-Tuesday-Blitz-June-18-2024"]
[Site "Chess.com"]
[Date "2024.06.18"]
[Round "3"]
[White "MKlose11"]
[Black "FredddieCroderg"]
[Result "1-0"]
[WhiteElo "2567"]
[BlackElo "2304"]
[TimeControl "180+1"]
[EndTime "8:29:06 PDT"]
[Termination "MKlose11 won on time"]

1. e4 c6 2. Nc3 d5 3. g3 dxe4 4. Nxe4 Nf6 5. Bg2 Nxe4 6. Bxe4 Nd7 7. d4 Nf6 8. Bg2 Be6 9. Nf3 g6 10. O-O Bg7 11. b3 O-O 12. Re1 a5 13. a4 c5 14.
Ba3 Rc8 15. Bxc5 Rxc5 16. dxc5 Nd5 17. Nd4 Nc3 18. Nxe6 fxe6 19. Qg4 Rf5 20. Bxb7 Bd4 21. Rf1 Bxc5 22. Be4 Rf6 23. Bd3 Qf8 24. Qc4 Ba7 25. Kh1 Rxf2 26. Qxe6+ Kg7 27. Rxf2 Qxf2 28. Qxe7+ Kh6 29.
Rf1 Qc5 30. Qh4+ 1-0

[Event "Early-Titled-Tuesday-Blitz-June-18-2024"]
[Site "Chess.com"]
[Date "2024.06.18"]
[Round "3"]
[White "aeiiuu"]
[Black "KNVB"]
[Result "1-0"]
[WhiteElo "2596"]
[BlackElo "2807"]
[TimeControl "180+1"]
[EndTime "8:29:07 PDT"]
[Termination "aeiiuu won on time"]

1. e4 e5 2. Nf3 Nc6 3. Bb5 Qf6 4. Nc3 Bd6 5. Nd5 Qg6 6. d3 Nge7 7. Bg5 Nxd5 8. exd5 Nd4 9. Nxd4 Qxg5 10. Nf3 Qxg2 11.
Rg1 Qh3 12. Rxg7 a6 13. Ba4 b5 14. Bb3 Bb7 15. Rg3 Qh5 16. Ng5 Qxh2 17. Qf3 O-O-O 18.
O-O-O e4 19. Nxe4 Bxg3 20. Rh1 Bf4+ 21. Kd1 Qxh1+ 22. Qxh1 f5 23. Nc5 Bd6 24. d4 h5 25.
a4 bxa4 26. Bxa4 h4 27. Qh3 Ba8 28. c4 Rdg8 29. Bxd7+ Kd8 30. Bxf5 Rf8 31. Ne6+ Ke7 32. Nxf8 Kxf8 33. Be6 Ke7 34. Qg4 Kd8 35. Qg7 1-0

[Event "Early-Titled-Tuesday-Blitz-June-18-2024"]
[Site "Chess.com"]
[Date "2024.06.18"]
[Round "3"]
[White "publicaccountcze"]
[Black "Cheer_Down"]
[Result "0-1"]
[WhiteElo "2174"]
[BlackElo "2419"]
[TimeControl "180+1"]
[EndTime "8:29:07 PDT"]
[Termination "Cheer_Down won by resignation"]

1. e4 e6 2. d4 d5 3. Nd2 c5 4.
c3 cxd4 5. cxd4 dxe4 6. Nxe4 Bb4+ 7. Nc3 Nf6 8. Nf3 O-O 9. Bd3 b6 10. O-O Bb7 11. Bg5 Nbd7 12. Ne5 Be7 13. Qc2 h6 14. Bh4 Nxe5 15. dxe5 Nd5 16. Bxe7 Qxe7 17. Ne4 Nb4 18. Qb3 Nxd3 19. Qxd3 Bxe4 20. Qxe4 Rac8 21. Rac1 Rc5 22. b4 Rc7 23. b5 Rfc8 24. Rc6 Rxc6 25. bxc6 Qc5 26.
Qa4 a5 27. Re1 Qxc6 28. Qb3 Qc3 29. Qd1 b5 30. h3 b4 31. Qd7 Qc6 32. Qa7 Qd5 33. Kh2 Qxa2 34. Qd7 Qc4 35. Ra1 Rc5 36. Qe8+ Kh7 37. Qxf7 Rxe5 38. f4 Rf5 39. Qa7 Qxf4+ 40. Kh1 b3 41. Rxa5 b2 0-1

[Event "Early-Titled-Tuesday-Blitz-June-18-2024"]
[Site "Chess.com"]
[Date "2024.06.18"]
[Round "3"]
[White "ImportedItalianMaple"]
[Black "Ranindu2003"]
[Result "1-0"]
[WhiteElo "2512"]
[BlackElo "2700"]
[TimeControl "180+1"]
[EndTime "8:29:08 PDT"]
[Termination "ImportedItalianMaple won by checkmate"]

1. e4 g6 2. d4 Bg7 3. Nc3 d6 4. g3 c6 5. a4 Nd7 6. Bg2 Ngf6 7. Nge2 O-O 8. O-O Qc7 9. h3 e5 10. Be3 Re8 11. a5 b6 12. axb6 Nxb6 13. b3 Bb7 14.
Qd2 a6 15. Na4 Nxa4 16. Rxa4 exd4 17. Rxd4 c5 18. Rxd6 Bxe4 19. Nc3 Bxg2 20. Kxg2 Rad8 21. Rd1 Rxd6 22. Qxd6 Qb7+ 23. Kh2 c4 24. Nd5 Ne4 25. Qc7 Qa8 26. Nb6 Qb8 27. Qxb8 Rxb8 28. Nxc4 Bf6 29. Rd7 Ra8 30. Nb6 Re8 31. Nd5 Bb2 32. Ra7 Re6 33. Bh6 f5 34. Ra8+ Kf7 35. Rf8# 1-0

[Event "Early-Titled-Tuesday-Blitz-June-18-2024"]
[Site "Chess.com"]
[Date "2024.06.18"]
[Round "3"]
[White "Sokoloco"]
[Black "doublesik"]
[Result "0-1"]
[WhiteElo "2728"]
[BlackElo "2564"]
[TimeControl "180+1"]
[EndTime "8:29:10 PDT"]
[Termination "doublesik won by checkmate"]

1. b3 e5 2. Bb2 Nc6 3. e3 Nf6 4. Nf3 Bd6 5. d4 e4 6. Nfd2 Be7 7. c4 d5 8. cxd5 Nb4 9. Nc3 O-O 10. Ncxe4 Nxe4 11. Nxe4 Bf5 12. f3 Nxd5 13. Kf2 Re8 14. Bd3 Bg6 15. Re1 Bb4 16. Re2 Qh4+ 17. Ng3 Qxh2 18.
Bxg6 hxg6 19. Qd3 Bd6 20. Ne4 Rxe4 21. fxe4 Bg3+ 22. Kf3 Bh4 23. Rd2 Qg3+ 24. Ke2 Nb4 25. Qc4 Qf2+ 26. Kd1 Qe1# 0-1

[Event "Early-Titled-Tuesday-Blitz-June-18-2024"]
[Site "Chess.com"]
[Date "2024.06.18"]
[Round "3"]
[White "Zq1"]
[Black "GMAkobianSTL"]
[Result "0-1"]
[WhiteElo "2514"]
[BlackElo "2827"]
[TimeControl "180+1"]
[EndTime "8:29:10 PDT"]
[Termination "GMAkobianSTL won by resignation"]

1. d4 e6 2. c4 f5 3. g3 Nf6 4. Bg2 d5 5. Nf3 c6 6. O-O Bd6 7. b3 Qe7 8. Bb2 O-O 9. Qc1 Nbd7 10. Ba3 a5 11. Bxd6 Qxd6 12. Qa3 Qxa3 13. Nxa3 Ne4 14.
Rfc1 Kf7 15. Nc2 Ke7 16. Nce1 Ra7 17. Nd3 Rd8 18. e3 Ndf6 19. Nfe5 Bd7 20. f3 Nd6 21. a4 Be8 22. h3 Nf7 23. Kf2 Nxe5 24. Nxe5 Nd7 25.
Nd3 Nf6 26. g4 g5 27. Ne5 Nd7 28. Nd3 Bg6 29. Rd1 h5 30. Kg3 fxg4 31. hxg4 h4+ 32.
Kf2 Bxd3 33. Rxd3 Ra6 34. e4 dxe4 35. fxe4 Ne5 36. Rd2 c5 37. Rad1 cxd4 38. Rxd4 Rxd4 39. Rxd4 Rd6 40. Rxd6 Kxd6 41. Bh3 Nd3+ 42. Ke3 Nc5 0-1

[Event "Early-Titled-Tuesday-Blitz-June-18-2024"]
[Site "Chess.com"]
[Date "2024.06.18"]
[Round "3"]
[White "NovozhilovSemen"]
[Black "BardArtem"]
[Result "1-0"]
[WhiteElo "2642"]
[BlackElo "2831"]
[TimeControl "180+1"]
[EndTime "8:29:11 PDT"]
[Termination "NovozhilovSemen won on time"]

1. d4 d5 2. c4 e6 3. Nf3 Nf6 4. g3 Bd6 5. Bg2 O-O 6. O-O h6 7.
b3 Nc6 8. Nc3 dxc4 9. bxc4 e5 10.
d5 Na5 11. Nd2 b6 12. Bb2 Re8 13. Qc2 Nb7 14. e4 Nc5 15. h3 Bd7 16. f4 Nh5 17. Ne2 exf4 18. gxf4 Qh4 19. e5 Bxh3 20. Nf3 Qg4 21. Ned4 Nxf4 22. Nh2 Qxg2+ 23. Qxg2 Bxg2 24. Rxf4 Bxe5 25. Rf2 Nd3 26. Rxg2 Nxb2 27. Nf5 Nxc4 28. Rf1 Kf8 29. Ng4 Nd6 30. Nxe5 Rxe5 31. Nxg7 Rxd5 32. Ne6+ Ke7 33. Nxc7 Rc5 34. Nxa8 Rc8 35. Re2+ Kf8 36. Re6 Ne8 37. Nxb6 axb6 38. Rxb6 Ra8 39. Rf2 Nc7 40. Rxh6 Kg7 41. Rhf6 Rf8 42. R6f3 Ne6 43. Rg2+ 1-0

[Event "Early-Titled-Tuesday-Blitz-June-18-2024"]
[Site "Chess.com"]
[Date "2024.06.18"]
[Round "3"]
[White "anemih"]
[Black "SirStrateg"]
[Result "0-1"]
[WhiteElo "2478"]
[BlackElo "2683"]
[TimeControl "180+1"]
[EndTime "8:29:12 PDT"]
[Termination "SirStrateg won by resignation"]

1. e4 d6 2. d4 Nf6 3. Nc3 c6 4. Bc4 b5 5. Bd3 e5 6. dxe5 dxe5 7. Be3 Ng4 8. Qd2 Nxe3 9. Qxe3 Qb6 10. Qxb6 axb6 11.
f3 Be6 12. Nge2 Bc5 13. Nb1 Rxa2 14. Rxa2 Bxa2 15. Nd2 Be6 16. g4 h5 17. g5 h4 18.
f4 exf4 19. Nxf4 Ke7 20. Nf3 Bg4 21. Ke2 Nd7 22. h3 Bxf3+ 23. Kxf3 Ne5+ 24. Ke2 g6 25. Ra1 Rd8 26. Ra7+ Kf8 27. c3 Be7 28. Bc2 Bxg5 29. Nd3 Nc4 30. Bb3 Re8 31. e5 Bf6 32. Bxc4 bxc4 33. Nb4 Rxe5+ 34. Kf3 c5 35. Nc6 Rf5+ 36. Ke4 Rf2 37. Kd5 Rd2+ 38. Kxc4 Rxb2 39. Ra8+ Kg7 40. Ra7 Rc2 41. Ra3 g5 42. Na7 Rh2 43. Nc8 Rxh3 44. Nxb6 Rxc3+ 45. Rxc3 Bxc3 46. Kxc3 h3 47. Nc8 h2 0-1

[Event "Early-Titled-Tuesday-Blitz-June-18-2024"]
[Site "Chess.com"]
[Date "2024.06.18"]
[Round "3"]
[White "DuleMudule"]
[Black "GOGIEFF"]
[Result "0-1"]
[WhiteElo "2768"]
[BlackElo "3020"]
[TimeControl "180+1"]
[EndTime "8:29:16 PDT"]
[Termination "GOGIEFF won by resignation"]

1. d4 Nf6 2. Bg5 e6 3. e3 h6 4.
Bh4 c5 5. c3 Qb6 6. Qc2 Nc6 7.
Nd2 d5 8. Ngf3 Nh5 9. Be2 g5 10.
Bg3 Nxg3 11. hxg3 Bg7 12. dxc5 Qxc5 13. O-O O-O 14. Rac1 e5 15. b4 Qe7 16. a3 Bg4 17.
Rfe1 Rac8 18. Qd1 Be6 19. c4 e4 20. cxd5 Bxd5 21. Nh2 Ne5 22. Rxc8 Rxc8 23. Nb3 Rd8 24.
Nd4 Nc6 25. Nf5 Qf6 26. g4 Be6 27. Qa4 Bxf5 28. gxf5 Qxf5 29. b5 Ne5 30. Qxa7 Rd2 31. Nf1 Rb2 32. Ng3 Qd7 33. Nxe4 Rxe2 34. Rxe2 Qd1+ 35.
Kh2 Qxe2 36. Qb8+ Kh7 37. Qxb7 Qh5+ 38. Kg1 Qd1+ 39. Kh2 f5 40. Nc5 Ng4+ 41. Kg3 h5 0-1

[Event "Early-Titled-Tuesday-Blitz-June-18-2024"]
[Site "Chess.com"]
[Date "2024.06.18"]
[Round "3"]
[White "FXDon77"]
[Black "Likvidator228"]
[Result "1-0"]
[WhiteElo "2890"]
[BlackElo "2536"]
[TimeControl "180+1"]
[EndTime "8:29:18 PDT"]
[Termination "FXDon77 won by checkmate"]

1. e4 c5 2. Nf3 g6 3. c3 Bg7 4. d4 cxd4 5. cxd4 d5 6. e5 a6 7.
h3 Nc6 8. Nc3 f6 9. Bf4 fxe5 10.
Nxe5 Nxe5 11. Bxe5 Bxe5 12. dxe5 e6 13. h4 Qc7 14.
Qe2 Ne7 15. h5 Bd7 16. g3 Qa5 17. Qd2 O-O-O 18. Bg2 Kb8 19. O-O gxh5 20. Qg5 Nc6 21. Rfe1 Be8 22. b4 Qxb4 23. Rec1 Bg6 24. Ne2 Qg4 25. Qe3 Rc8 26. Nf4 Bf5 27. Qb6 h4 28. Bh3 Qg5 29. Bxf5 Qxf5 30. Rab1 Nd8 31. Qd6+ Ka7 32.
Rxc8 Qxb1+ 33. Kg2 Qe4+ 34. f3 h3+ 35. Kxh3 Qxf3 36.
Qc5+ b6 37. Qc7+ Nb7 38. Qb8# 1-0

[Event "Early-Titled-Tuesday-Blitz-June-18-2024"]
[Site "Chess.com"]
[Date "2024.06.18"]
[Round "3"]
[White "MVM2008"]
[Black "ChessFanNM"]
[Result "1-0"]
[WhiteElo "2579"]
[BlackElo "2313"]
[TimeControl "180+1"]
[EndTime "8:29:18 PDT"]
[Termination "MVM2008 won on time"]

1. e4 e5 2. f4 d5 3. d4 Nf6 4. dxe5 Nxe4 5. Nf3 Bg4 6. Bd3 Nc6 7. Nc3 Bb4 8. O-O Bxc3 9. bxc3 O-O 10. Qe1 Ne7 11. Bxe4 dxe4 12. Qxe4 Bf5 13. Qe2 Qd5 14. Ba3 c5 15. Rad1 Qc6 16. Nh4 Be4 17. Rd6 Qa4 18. Bxc5 Nc6 19. Rd2 Rfd8 20. Bd6 Rac8 21. Re1 Bg6 22.
e6 Re8 23. e7 Qa6 24. Qg4 Qc4 25.
Qxc8 1-0

[Event "Early-Titled-Tuesday-Blitz-June-18-2024"]
[Site "Chess.com"]
[Date "2024.06.18"]
[Round "3"]
[White "LewAnatol"]
[Black "Fh2411"]
[Result "0-1"]
[WhiteElo "2247"]
[BlackElo "2560"]
[TimeControl "180+1"]
[EndTime "8:29:18 PDT"]
[Termination "Fh2411 won by checkmate"]

1. e4 c6 2. d4 d5 3. exd5 cxd5 4. c4 Nc6 5. Nc3 Nf6 6. Bg5 Be6 7. c5 Ne4 8. Nxe4 dxe4 9. Be3 Bd5 10. a3 a6 11. b4 e5 12. Ne2 Be7 13. Rb1 O-O 14. g3 Bf6 15. Bg2 exd4 16. Nxd4 Bxd4 17. Bxd4 Ba2 18.
Rb2 Bc4 19. Bc3 Qe7 20. Bf1 Rad8 21. Qc1 Bd3 22. Be2 Ne5 23. Bxe5 Qxe5 24. O-O Rd4 25. Re1 Rfd8 26. Qe3 f5 27. Rd2 Bxe2 28. Rxd4 Rxd4 29. Qxe2 h6 30. Qa2+ Kh7 31. Kg2 Rd3 32. Re3 Qd4 33.
Rxd3 exd3 34. Qd2 Qe4+ 35. Kf1 Qh1# 0-1

[Event "Early-Titled-Tuesday-Blitz-June-18-2024"]
[Site "Chess.com"]
[Date "2024.06.18"]
[Round "3"]
[White "WilliamAlfaroCaracas"]
[Black "maurovargas01"]
[Result "0-1"]
[WhiteElo "2337"]
[BlackElo "1943"]
[TimeControl "180+1"]
[EndTime "8:29:18 PDT"]
[Termination "maurovargas01 won on time"]

1. Nf3 Nc6 2. d4 g6 3. c4 Bg7 4.
Nc3 Nf6 5. d5 Nb8 6. e4 d6 7.
Bd3 O-O 8. h3 Nbd7 9. O-O Nc5 10. Bc2 e5 11. b4 Ncd7 12. Be3 Nh5 13. c5 f5 14. Ng5 f4 15. Ne6 Qh4 16. Bd2 Rf7 17. Nb5 f3 18. Bg5 Nf4 19. Bxh4 Ne2+ 20. Kh2 dxc5 21. Nbxc7 Rb8 22. gxf3 Nf4 23. Nxf4 Rxf4 24.
Bg3 Rf7 25. bxc5 Nxc5 26. Nb5 a6 27. Nd6 Rc7 0-1

[Event "Early-Titled-Tuesday-Blitz-June-18-2024"]
[Site "Chess.com"]
[Date "2024.06.18"]
[Round "3"]
[White "rachidhuilda"]
[Black "Wizard_97"]
[Result "0-1"]
[WhiteElo "2400"]
[BlackElo "2724"]
[TimeControl "180+1"]
[EndTime "8:29:19 PDT"]
[Termination "Wizard_97 won by resignation"]

1. d4 Nf6 2. Bg5 Ne4 3. Bf4 d5 4. e3 c5 5. Bd3 cxd4 6. exd4 Nf6 7. Nf3 Nc6 8. c3 g6 9. O-O Bg7 10. Re1 O-O 11. Nbd2 Nh5 12. Be3 f5 13. g3 f4 14.
Bxf4 Nxf4 15. gxf4 Rxf4 16. Qe2 Bg4 17. Qe3 Qf8 18.
Ne5 Nxe5 19. dxe5 Bh6 20. Qc5 e6 21. Qxf8+ Raxf8 22. f3 Bxf3 23. Nxf3 Rxf3 24. Bf1 Rf2 25. Re2 Rxe2 26. Bxe2 Be3+ 27. Kh1 Rf2 28. Bg4 Kf7 29. Bh3 Bf4 30. Rf1 Rxh2+ 31. Kg1 Rxh3 32. Rxf4+ Ke7 33.
Rb4 b6 34. a4 Rh5 35. a5 Rxe5 36. axb6 axb6 37. Rxb6 h5 38. Rb7+ Kf6 39. Kf2 h4 40. b4 Rf5+ 41. Ke3 h3 42. Ra7 h2 43. Ra1 Rh5 44. Rh1 Ke5 45. Kf3 Kd6 46. Kg2 e5 47. Rxh2 Rxh2+ 48. Kxh2 Kc6 49. Kg3 Kb5 50.
Kf3 g5 51. Ke3 g4 52. Kf2 d4 53. cxd4 exd4 54. Kg3 Kxb4 55. Kxg4 Kc3 0-1

[Event "Early-Titled-Tuesday-Blitz-June-18-2024"]
[Site "Chess.com"]
[Date "2024.06.18"]
[Round "3"]
[White "sirinbaba33"]
[Black "Muifel"]
[Result "0-1"]
[WhiteElo "2183"]
[BlackElo "2446"]
[TimeControl "180+1"]
[EndTime "8:29:19 PDT"]
[Termination "Muifel won by resignation"]

1. e4 e5 2. Nf3 d5 3. Nxe5 Bd6 4.
d4 dxe4 5. Nc4 Be7 6. Be2 Nf6 7. O-O O-O 8. c3 Nbd7 9. Re1 Nb6 10. Ne5 c5 11. Bg5 cxd4 12. cxd4 h6 13. Bh4 Bf5 14.
Nc3 Nfd5 15. Bxe7 Qxe7 16. Bg4 Bxg4 17. Qxg4 f5 18. Qh5 Rf6 19. f3 Nf4 20. Qh4 g5 21.
Qg3 Qb4 22. Qf2 Rd8 23. Rad1 exf3 24. Nxf3 Nc4 25. d5 Nxb2 26. Rb1 Qxc3 27. Qxb2 Qxb2 28.
Rxb2 Nd3 29. Rxb7 Nxe1 30. Nxe1 Rxd5 31. Nf3 Ra5 0-1

[Event "Early-Titled-Tuesday-Blitz-June-18-2024"]
[Site "Chess.com"]
[Date "2024.06.18"]
[Round "3"]
[White "Rud_Makarian"]
[Black "Hirna2005"]
[Result "1-0"]
[WhiteElo "3064"]
[BlackElo "2306"]
[TimeControl "180+1"]
[EndTime "8:29:20 PDT"]
[Termination "Rud_Makarian won by resignation"]

1. d4 g6 2. c4 Bg7 3. Nf3 d6 4. Nc3 Nc6 5. d5 Nb8 6. e4 e5 7.
h4 Bg4 8. Be2 Bxf3 9. Bxf3 h5 10. g3 Bh6 11. Bxh6 Nxh6 12. b4 Qd7 13. Bg2 O-O 14. Bh3 Qe7 15. Qd2 Kg7 16. O-O a5 17. a3 axb4 18. axb4 Nd7 19. Nb5 Nf6 20. Qc2 c6 21.
dxc6 bxc6 22. Nc3 Qb7 23. Rab1 Nhg4 24. Rfd1 Rfd8 25. Rd3 Qa7 26. Qd2 Rab8 27. Kg2 Ne8 28. Bxg4 hxg4 29. h5 Qe7 30. hxg6 fxg6 31. b5 Nf6 32. Rh1 Qe6 33. bxc6 Qxc4 34. c7 Nxe4 35. cxd8=Q Rxd8 36. Nxe4 Qxe4+ 37. f3 gxf3+ 38. Rxf3 Rc8 39. Qh6+ 1-0

[Event "Early-Titled-Tuesday-Blitz-June-18-2024"]
[Site "Chess.com"]
[Date "2024.06.18"]
[Round "3"]
[White "FabianoCaruana"]
[Black "Zurability"]
[Result "1-0"]
[WhiteElo "3125"]
[BlackElo "2786"]
[TimeControl "180+1"]
[EndTime "8:29:21 PDT"]
[Termination "FabianoCaruana won by resignation"]

1. d4 Nf6 2. c4 e6 3. g4 Nxg4 4.
e4 Nf6 5. Nc3 d6 6. Nf3 Nc6 7. Bg5 h6 8. Bh4 g5 9. Bg3 Bg7 10. Qd2 Nh5 11. d5 Nxg3 12. hxg3 Ne5 13. Nxe5 Bxe5 14. f4 Bg7 15. O-O-O Bd7 16. Be2 Qe7 17.
Qe3 b6 18. dxe6 fxe6 19. Bh5+ Kd8 20. e5 Kc8 21. exd6 cxd6 22. Bf3 Rb8 23. Nd5 Qf7 24. Nb4 gxf4 25. gxf4 Qf6 26. Rh2 Rf8 27. Rg2 Bh8 28.
Na6 Be8 29. Nxb8 Kxb8 30. Rxd6 Bg6 31. Rxe6 Qf5 32. Rgxg6 1-0

[Event "Early-Titled-Tuesday-Blitz-June-18-2024"]
[Site "Chess.com"]
[Date "2024.06.18"]
[Round "3"]
[White "MatthewG-p4p"]
[Black "maximnovik"]
[Result "1-0"]
[WhiteElo "2857"]
[BlackElo "2526"]
[TimeControl "180+1"]
[EndTime "8:29:21 PDT"]
[Termination "MatthewG-p4p won by resignation"]

1. e4 e5 2. Nf3 Nc6 3. d4 exd4 4. c3 dxc3 5. Nxc3 Bd6 6. Bc4 Nf6 7. Bg5 h6 8. Bh4 O-O 9. O-O Re8 10. Qb3 Rf8 11. Qc2 g5 12. Bg3 Bxg3 13. hxg3 d6 14. Rfe1 Re8 15. e5 d5 16. Bb3 Nh7 17. Bxd5 Be6 18.
Rad1 Qe7 19. Be4 Rad8 20. Bxh7+ Kg7 21. Bf5 Qc5 22. Bxe6 fxe6 23. Rxd8 Rxd8 24. Qe4 Ne7 25. Qxb7 g4 26. Nh2 h5 27. Nf1 Nf5 28. Qb5 Qxb5 29.
Nxb5 c6 30. Nc3 Kf7 31. Ne4 Rd5 32. Nc3 Rd2 33. Nxd2 1-0

[Event "Early-Titled-Tuesday-Blitz-June-18-2024"]
[Site "Chess.com"]
[Date "2024.06.18"]
[Round "3"]
[White "RobertoJBM"]
[Black "Sanyura"]
[Result "1-0"]
[WhiteElo "2810"]
[BlackElo "2506"]
[TimeControl "180+1"]
[EndTime "8:29:21 PDT"]
[Termination "RobertoJBM won by resignation"]

1. d4 Nf6 2. Nf3 g6 3. e3 Bg7 4. b3 d6 5. Bb2 O-O 6. c4 Nbd7 7.
d5 a5 8. Nc3 c6 9. dxc6 bxc6 10. Be2 Ne4 11. Qc2 Nxc3 12. Bxc3 a4 13. Bxg7 Kxg7 14.
b4 a3 15. O-O c5 16. Rab1 cxb4 17. Rxb4 Nc5 18. Nd4 Be6 19. Bf3 Rc8 20. Qc3 Kg8 21. Qxa3 Bd7 22. Rd1 e5 23. Nb3 Be6 24. g3 e4 25. Be2 Nd3 26. Bxd3 exd3 27. Nd2 d5 28. cxd5 Qxd5 29. Rd4 Qh5 30. f3 Rc2 31. Qxd3 Rxa2 32. Rh4 Qc5 33. Ne4 Qe7 34. Qd4 f5 35. Nc5 Rc8 36.
Nxe6 Qxe6 37. e4 Rcc2 38. Qd8+ Kg7 39. Rd7+ 1-0

[Event "Early-Titled-Tuesday-Blitz-June-18-2024"]
[Site "Chess.com"]
[Date "2024.06.18"]
[Round "3"]
[White "js20000"]
[Black "wonderfultime"]
[Result "1-0"]
[WhiteElo "2792"]
[BlackElo "3049"]
[TimeControl "180+1"]
[EndTime "8:29:22 PDT"]
[Termination "js20000 won by resignation"]

1. e4 c5 2. Nf3 Nf6 3. e5 Nd5 4. Nc3 e6 5. Ne4 f5 6. Nc3 Ne7 7. d4 cxd4 8. Nxd4 a6 9. h4 Nbc6 10. Nf3 Ng6 11. h5 Ngxe5 12. Nxe5 Nxe5 13. Bf4 Nf7 14. h6 g6 15. Qd4 d6 16. Be3 Be7 17. O-O-O Bf6 18. Qd2 O-O 19. Bc4 b5 20. Bb3 Bd7 21. Ne2 a5 22. Nf4 Re8 23. a3 b4 24. a4 Re7 25. g4 fxg4 26. Rdg1 Kh8 27. Rxg4 Ne5 28.
Rg3 Qc7 29. Bd4 Rf8 30. Rhg1 d5 31. Bxd5 exd5 32. Nxd5 Qd6 33. Nxe7 Nc4 34. Rxg6 hxg6 35. Nxg6+ Kg8 36. Ne5+ Kh7 37. Qd3+ Kh8 38. Ng6+ Kg8 39. Qxc4+ Be6 40. Nf4+ Kh7 41. Nxe6 1-0